 Dungeon Crawl Stone Soup version 0.22-a0-322-g60b3cfd (webtiles) character file.

25695 4thArraOfDagon the Protected (level 12, 0/97 HPs)
             Began as a Mummy Enchanter on Apr 3, 2018.
             Was a High Priest of Cheibriados.
             Shot with an arrow by Nessos (1 damage)
             ... while paralysed by Rupert
             ... on level 13 of the Dungeon.
             The game lasted 00:38:33 (11580 turns).

4thArraOfDagon the Protected (Mummy Enchanter)     Turns: 11580, Time: 00:38:34

Health: 0/97       AC: 12    Str: 25    XL:     12   Next: 91%
Magic:  19/19      EV:  2    Int: 34    God:    Cheibriados [*****.]
Gold:   673        SH:  0    Dex: 26    Spells: 8/20 levels left

rFire    x . .     SeeInvis +   l - +0 halberd (flame)
rCold    + . .     Gourm    .   (shield currently unavailable)
rNeg     + + +     Faith    .   s - +2 troll leather armour
rPois    ∞         Spirit   .   n - +0 helmet
rElec    .         Reflect  .   u - scarf {repulsion}
rCorr    .         Harm     .   f - +0 pair of gloves
MR       +....                  c - +0 pair of boots
Stlth    +++.......             (no amulet)
HPRegen  0.66/turn              g - ring of wizardry
MPRegen  0.16/turn              z - ring of see invisible

@: paralysed, repel missiles, very slow
A: no food or potions, fire vulnerability, cold resistance 1, negative energy
resistance 3, torment resistance, unbreathing
a: Bend Time, Temporal Distortion, Slouch, Step From Time, Renounce Religion


You were on level 13 of the Dungeon.
You worshipped Cheibriados.
Cheibriados was extremely pleased with you.
You were not hungry.

You visited 2 branches of the dungeon, and saw 16 of its levels.
You also visited: Ice Cave.

You collected 673 gold pieces.

Inventory:

Hand Weapons
 a - a +2 dagger
 l - a +0 halberd of flaming (weapon)
Armour
 b - a +0 robe
 c - a +0 pair of boots (worn)
 f - a +0 pair of gloves (worn)
 n - a +0 helmet (worn)
 o - a +1 leather armour of magic resistance
 s - a +2 troll leather armour (worn)
 u - a scarf of repulsion (worn)
Magical Staves
 i - an uncursed staff of energy {!a}
Jewellery
 g - a ring of wizardry (left hand)
 t - an uncursed ring of flight
 z - a ring of see invisible (right hand)
Wands
 p - a wand of paralysis (1)
 r - a wand of flame (7)
 v - a wand of iceblast (2)
 x - a wand of digging (10)
 y - a wand of polymorph (27)
 A - a wand of scattershot (3)
Scrolls
 d - 9 scrolls of enchant weapon
 e - 4 scrolls of fear
 h - a scroll of identify
 j - 3 scrolls of immolation
 k - 3 scrolls of remove curse
 m - 2 scrolls of amnesia
 q - 5 scrolls of teleportation
 w - a scroll of random uselessness
 B - a scroll of holy word


   Skills:
 - Level 10.0 Fighting
 - Level 4.0 Short Blades
 - Level 10.1 Armour
 - Level 10.0 Dodging
 - Level 2.4 Stealth
 + Level 4.7 Spellcasting
 + Level 2.4 Conjurations
 - Level 2.6 Hexes
 - Level 2.0 Fire Magic
 - Level 7.0 Invocations


You had 8 spell levels left.
You knew the following spells:

 Your Spells              Type           Power        Failure   Level  Hunger
a - Corona                Hex            ####...      1%          1    N/A
b - Ensorcelled Hibernat  Hex/Ice        ###...       1%          2    N/A
c - Confuse               Hex            ####....     1%          3    N/A
d - Tukima's Dance        Hex            ####....     1%          3    N/A
e - Conjure Flame         Conj/Fire      ###.....     2%          3    N/A

Dungeon Overview and Level Annotations

Branches:
Dungeon (15/15)            Temple (1/1) D:6            Lair (0/6) D:11
    Orc (0/2) D:9          Vaults (0/5) D:13
 Depths: D:15

Altars:
Ashenzari
Cheibriados
Dithmenos
Elyvilon
Fedhas
Gozag
Kikubaaqudgha
Makhleb
Nemelex Xobeh
Qazlal
Ru
Sif Muna
Trog
Uskayaw
Vehumet
Wu Jian
Xom
Yredelemnul
Zin
The Shining One

Shops:
D:10 =

Annotations:
D:9 exclusion: two-headed ogre
D:13 Nessos, Rupert


Innate Abilities, Weirdness & Mutations

You do not eat or drink.
Your flesh is vulnerable to fire.
You are immune to poison.
Your flesh is cold resistant. (rC+)
You are immune to negative energy. (rN+++)
You are immune to unholy pain and torment.
You can survive without breathing.


Message History

The howler monkey hoots and howls with incredible vigour!
Nessos shoots an arrow.
The arrow hits you! The arrow burns you!
The howler monkey hits you but does no damage.
Rupert hits you with a battleaxe of chopping!
Nessos shoots an arrow.
The arrow hits you!!
* * * LOW HITPOINT WARNING * * *
The arrow burns you.
* * * LOW HITPOINT WARNING * * *
The howler monkey hits you but does no damage.
The howler monkey hits you.
* * * LOW HITPOINT WARNING * * *
The human hits you but does no damage.
Nessos shoots an arrow.
The arrow hits you!
* * * LOW HITPOINT WARNING * * *
The arrow burns you.
* * * LOW HITPOINT WARNING * * *
Nessos shoots an arrow.
The arrow hits you!
* * * LOW HITPOINT WARNING * * *
The arrow burns you.
You die...

## #.....
###........#
.....#.....
'.......C..##.#
#.......
#..)..........#
##.....
#......(.....#
####.#
#............#
#..#
#......(.....#
#.##
#.....pp.....#
#.#
#.c...@@.....#
#.#
#....hh......#
#.#
#.........=....
##.##
#............#.
#....
#............##.
#....
#.p##........#
#.##.... ##.
#.......##
#....... .
#.......#
####.... ..
#....


You could see Rupert, Nessos, a cyclops, 3 humans and 2 howler monkeys.

Vanquished Creatures
  2 hydras
  A centaur warrior (D:15)
  3 two-headed ogres
  2 tengu warriors (D:14)
  An orc knight (D:14)
  The ghost of 4thArraOfDagon the Reanimator, a novice DgNe (D:5)
  6 ugly things
  2 manticores
  2 cyclopes
  2 centaur zombies
  A gargoyle (D:14)
  2 kobold demonologists (D:14)
  A spiny frog (shapeshifter) (D:14)
  2 rime drakes (D:13)
  A komodo dragon (D:14)
  2 trolls
  A spriggan (shapeshifter) (D:14)
  A shadow (D:12)
  15 yaks
  A wraith (D:11)
  3 wyverns
  8 humans (D:13)
  3 hungry ghosts
  Menkaure (D:6)
  2 acid dragons
  2 water moccasins
  A hornet zombie (D:8)
  6 orc warriors
  7 sky beasts
  A black bear (D:12)
  3 ice beasts
  A necrophage (D:11)
  4 phantoms
  6 ogres
  An eye of draining (D:14)
  9 centaurs
  4 big kobolds
  4 bullfrogs
  A wyvern skeleton (D:13)
  5 scorpions
  4 killer bees
  4 howler monkeys
  4 crimson imps
  5 jellies
  7 hounds
  6 orc wizards
  3 orc priests
  5 centaur skeletons
  A gnoll shaman (D:6)
  6 iguanas
  9 worker ants
  A hound zombie (D:7)
  3 hound skeletons
  A worker ant zombie (D:10)
  14 gnolls
  A howler monkey skeleton (D:7)
  18 adders
  4 shadow imps
  3 adder skeletons
  2 worms
  2 dart slugs (D:2)
  5 leopard geckos
  45 orcs
  2 ball pythons
  3 bats
  7 giant cockroaches
  3 goblins
  9 hobgoblins
  A jackal (D:5)
  5 quokkas
  6 frilled lizards
  27 kobolds
  A leopard gecko skeleton (D:5)
  2 quokka zombies (D:7)
  4 rats
344 creatures vanquished.

Vanquished Creatures (collateral kills)
  Ijyb (D:5)
  An adder (D:5)
  4 gnolls (D:6)
  2 shadow imps (D:6)
  An orc (D:6)
9 creatures vanquished.

Vanquished Creatures (others)
  A centaur warrior (D:13)
  A human (D:13)
  An ogre (D:6)
  A sky beast (D:5)
  A crocodile (D:5)
  A bullfrog (D:6)
  A killer bee (D:8)
  A giant cockroach zombie (D:5)
8 creatures vanquished.

Grand Total: 361 creatures vanquished

Notes
Turn   | Place    | Note
-------+----------+-------------------------------------------
     0 | D:1      | 4thArraOfDagon the Mummy Enchanter began the quest for the Orb.
     0 | D:1      | Reached XP level 1. HP: 13/13 MP: 4/4
   124 | D:1      | Reached skill level 1 in Short Blades
   795 | D:1      | Reached XP level 2. HP: 18/19 MP: 5/5
   853 | D:2      | Learned a level 2 spell: Ensorcelled Hibernation
   927 | D:4      | Noticed a phantom
   985 | D:4      | Found a deep blue altar of Sif Muna.
  1052 | D:4      | Reached XP level 3. HP: 10/24 MP: 1/7
  1057 | D:4      | Learned a level 3 spell: Confuse
  1291 | D:5      | Entered Level 5 of the Dungeon
  1303 | D:5      | Reached XP level 4. HP: 16/30 MP: 4/8
  1440 | D:5      | Noticed a sky beast
  1720 | D:5      | Noticed Ijyb
  1729 | D:6      | Noticed an ogre
  1767 | D:6      | Noticed an orc warrior
  1974 | D:5      | Noticed a sky beast
  2042 | D:6      | Found a staircase to the Ecumenical Temple.
  2045 | D:6      | Noticed Menkaure
  2046 | Temple   | Entered the Ecumenical Temple
  2055 | Temple   | Became a worshipper of Ru the Awakened
  2083 | Temple   | Fell from the grace of Ru
  2083 | Temple   | Became a worshipper of Cheibriados the Contemplative
  2124 | D:6      | Noticed a bullfrog
  2440 | D:5      | Noticed 4thArraOfDagon's ghost (novice DgNe)
  2478 | D:4      | Noticed a sky beast
  2530 | D:4      | Reached XP level 5. HP: 25/36 MP: 5/9
  2813 | D:2      | Reached skill level 1 in Fighting
  2836 | D:2      | Reached skill level 1 in Invocations
  2946 | D:1      | Reached * piety under Cheibriados
  3184 | D:2      | Reached skill level 1 in Armour
  3386 | D:2      | Reached XP level 6. HP: 41/43 MP: 5/10
  3685 | D:2      | Learned a level 3 spell: Tukima's Dance
  3998 | D:3      | Reached ** piety under Cheibriados
  4592 | D:5      | Killed Ijyb
  4622 | D:5      | Reached XP level 7. HP: 45/51 MP: 8/11
  4626 | D:5      | Killed 4thArraOfDagon's ghost
  4671 | D:5      | Reached XP level 8. HP: 52/59 MP: 5/12
  4776 | D:5      | Found a white marble altar of Elyvilon.
  4902 | D:5      | Reached *** piety under Cheibriados
  5629 | D:6      | Killed Menkaure
  5731 | D:6      | Reached **** piety under Cheibriados
  5731 | D:6      | Reached skill level 5 in Fighting
  5841 | D:6      | Reached XP level 9. HP: 40/68 MP: 3/13
  6130 | D:7      | Reached skill level 5 in Invocations
  6172 | D:7      | Reached skill level 5 in Dodging
  6580 | D:7      | Reached skill level 5 in Armour
  6588 | D:7      | Reached ***** piety under Cheibriados
  7463 | D:9      | Reached XP level 10. HP: 73/77 MP: 9/14
  7492 | D:9      | Noticed a two-headed ogre
  7922 | D:9      | Found a staircase to the Orcish Mines.
  8154 | D:9      | Noticed a two-headed ogre
  8226 | D:10     | Entered Level 10 of the Dungeon
  8317 | D:10     | Found Suacrah's Jewellery Shop.
  8788 | D:10     | Reached ****** piety under Cheibriados
  9006 | D:11     | Found a staircase to the Lair.
  9312 | D:12     | Noticed a two-headed ogre
  9322 | D:12     | Killed a two-headed ogre
  9639 | D:12     | Noticed an orc knight
  9698 | D:12     | Noticed a six-headed hydra
  9705 | D:12     | Killed a one-headed hydra
  9705 | D:12     | Reached XP level 11. HP: 77/86 MP: 13/16
  9822 | D:12     | an orc knight changed into a water nymph
  9860 | D:13     | Found a gate to the Vaults.
  9860 | D:13     | Noticed Rupert
  9860 | D:13     | Noticed an orc knight
  9860 | D:13     | Noticed Nessos
  9976 | D:13     | Found a frozen archway.
  9986 | IceCv    | Entered an ice cave
 10111 | D:13     | Noticed a centaur warrior
 10121 | D:13     | HP: 4/87 [centaur/arrow[a centaur warrior] (13)]
 10123 | D:13     | Killed a centaur warrior
 10416 | D:13     | Noticed a purple ugly thing
 10449 | D:13     | Killed a purple ugly thing
 10529 | D:13     | Noticed a cyan ugly thing
 10541 | D:13     | Killed a cyan ugly thing
 10652 | D:14     | Noticed a two-headed ogre
 10667 | D:14     | Killed a two-headed ogre
 10667 | D:14     | Reached skill level 10 in Fighting
 10667 | D:14     | Reached XP level 12. HP: 73/97 MP: 2/17
 11009 | D:14     | Noticed a tengu warrior
 11017 | D:14     | Noticed a tengu warrior
 11026 | D:14     | Killed a tengu warrior
 11026 | D:14     | Reached skill level 10 in Dodging
 11027 | D:14     | Killed a tengu warrior
 11027 | D:14     | Reached skill level 10 in Armour
 11039 | D:14     | Learned a level 3 spell: Conjure Flame
 11132 | D:13     | Noticed a two-headed ogre
 11145 | D:13     | Noticed a four-headed hydra
 11155 | D:14     | Killed a two-headed ogre
 11155 | D:14     | Reached skill level 1 in Conjurations
 11155 | D:14     | Reached skill level 1 in Fire Magic
 11232 | D:13     | Killed a one-headed hydra
 11309 | D:15     | Entered Level 15 of the Dungeon
 11339 | D:15     | Noticed a centaur warrior
 11440 | D:15     | Killed a centaur warrior
 11576 | D:13     | Paralysed by Rupert for 6 turns
 11580 | D:13     | HP: 1/97 [Nessos/arrow (7)]
 11580 | D:13     | Shot with an arrow by Nessos

Vault maps used:
D:1:      eino_arrival_cavern_a
D:4:      minmay_thick_lines, old_standard_altar, minmay_door_square
D:5:      minmay_diamond_boxcup, elyvilon_altar_4, first_ration, uniq_ijyb
D:6:      okawaru_trees_2, minmay_temple_entry_crystal_x, serial_shops,
          shop_statue, minmay_misc_feat_five, uniq_menkaure, uniq_grinder
D:9:      kennysheep_mini_moat, kennysheep_orc_monster_closet_entryway
D:10:     serial_shops, shop
D:11:     dpeg_oklobed_lair, grunt_livestock, serial_park_tiny_1
D:12:     uniq_nergalle
D:13:     david_vaults_3, portal_ice_cave_rime
D:14:     enter_bailey_2, minmay_misc_feat_pillars, minmay_misc_feat_room
D:15:     hangedman_slaughterboxes
Temple:   compressed_dpeg_circular_temple
IceCv:    ice_cave_small_necro

Skill      XL: |  1  2  3  4  5  6  7  8  9 10 11 12 |
---------------+-------------------------------------+-----
Short Blades   | 1 2 3 4 |  4.0
Fighting       | 1 2 3 5 6 8 10 | 10.0
Dodging        | 2 3 4 5 7 8 10 | 10.0
Invocations    | 1 2 3 4 6 7 |  7.0
Armour         | 1 2 3 4 5 6 8 10 | 10.1
Spellcasting   | 4 |  4.7
Conjurations   | 2 |  2.4
Fire Magic     | 2 |  2.0
Stealth        | |  2.4
Hexes          | |  2.6

Action                   |  1- 3 |  4- 6 |  7- 9 | 10-12 || total
-------------------------+-------+-------+-------+-------++-------
Melee: Dagger            |    36 |   236 |   338 |    39 ||   649
       Halberd           |       |       |    29 |   656 ||   685
 Cast: Corona            |    16 |    17 |    16 |    53 ||   102
       Ensorcelled Hiber |     3 |    68 |    95 |    21 ||   187
       Confuse           |       |     2 |     6 |    43 ||    51
Invok: Slouch            |       |       |       |     6 ||     6
       Temporal Distorti |       |       |       |     1 ||     1
Evoke: Wand              |       |    17 |    30 |    34 ||    81
  Use: Scroll            |       |     3 |       |    15 ||    18
 Stab: Sleeping          |     4 |    40 |    48 |    12 ||   104
       Confused          |       |       |     1 |    14 ||    15
       Distracted        |       |       |       |     2 ||     2
       Paralysed         |       |       |       |    29 ||    29
Armor: Robe              |     2 |    41 |       |       ||    43
       Leather armour    |       |    26 |    82 |    54 ||   162
       Troll leather arm |       |       |       |   149 ||   149
Dodge: Dodged            |    17 |   150 |   287 |   893 ||  1347
       Deflected         |       |       |       |    22 ||    22

Table legend:
 A = Spawn XP
 B = Non-spawn XP
 C = Spawn XP percentage of total XP
 D = Spawn monster count
 E = Non-spawn monster count
 F = Spawn count percentage of total count
 G = Total turns spent on level
                    A         B        C        D         E        F      G
               +---------+---------+-------+---------+---------+-------+---------
         Total |       0 |   36708 |   0.0 |       0 |     355 |   0.0 | 11580
               +---------+---------+-------+---------+---------+-------+---------
           D:1 |       0 |      20 |   0.0 |       0 |      12 |   0.0 |  1054
           D:2 |       0 |     173 |   0.0 |       0 |      34 |   0.0 |   929
           D:3 |       0 |     178 |   0.0 |       0 |      22 |   0.0 |   563
           D:4 |       0 |     556 |   0.0 |       0 |      26 |   0.0 |  1416
           D:5 |       0 |    1407 |   0.0 |       0 |      25 |   0.0 |  1467
           D:6 |       0 |     830 |   0.0 |       0 |      27 |   0.0 |   578
           D:7 |       0 |    1293 |   0.0 |       0 |      26 |   0.0 |   816
           D:8 |       0 |    1253 |   0.0 |       0 |      21 |   0.0 |   609
           D:9 |       0 |    1168 |   0.0 |       0 |      17 |   0.0 |   732
          D:10 |       0 |     904 |   0.0 |       0 |      22 |   0.0 |   752
          D:11 |       0 |     644 |   0.0 |       0 |       3 |   0.0 |   269
          D:12 |       0 |    3361 |   0.0 |       0 |      22 |   0.0 |   621
          D:13 |       0 |    9647 |   0.0 |       0 |      45 |   0.0 |   760
          D:14 |       0 |   14014 |   0.0 |       0 |      43 |   0.0 |   786
          D:15 |       0 |    1260 |   0.0 |       0 |      10 |   0.0 |   162
               +---------+---------+-------+---------+---------+-------+---------
